 Dungeon Crawl Stone Soup version 0.29-a0-271-gd4eb659eea (webtiles) character file.

Game seed: 15622499380725882104

710 jmlagarto the Chopper (level 7, -17/61 HPs)
             Began as a Hill Orc Fighter on Mar 8, 2022.
             Was a Believer of Vehumet.
             Demolished by an ogre
             ... wielding a +0 giant club
              (27 damage)
             ... on level 5 of the Dungeon.
             The game lasted 00:10:58 (4741 turns).

jmlagarto the Chopper (Hill Orc Fighter)            Turns: 4741, Time: 00:10:58

Health: -17/61     AC: 12    Str: 29    XL:     7   Next: 68%
Magic:  10/10      EV: 10    Int:  3    God:    Vehumet [**....]
Gold:   330        SH:  4    Dex: 10    Spells: 9/10 levels left

rFire   . . .      SeeInvis +   a - +0 war axe
rCold   . . .      Faith    +   c - +0 buckler
rNeg    . . .      Spirit   .   b - +0 scale mail
rPois   .          Reflect  .   (no helmet)
rElec   .          Harm     .   (no cloak)
rCorr   .          Rampage  .   (no gloves)
Will    .....                   k - +0 pair of boots
Stlth   ..........              p - amulet of Daffodils {Faith Str+2 Int-5 SInv}
HPRegen 0.20/turn               i - +6 ring of strength
MPRegen 0.12/turn               s - +4 ring of protection

@: mighty
A: no striking features
a: Renounce Religion


You were on level 5 of the Dungeon.
You worshipped Vehumet.
Vehumet was pleased with you.
You visited 1 branch of the dungeon, and saw 5 of its levels.

You collected 330 gold pieces.

Inventory:

Hand Weapons
 a - a +0 war axe (weapon)
Armour
 b - a +0 scale mail (worn)
 c - a +0 buckler (worn)
 k - a +0 pair of boots (worn)
Jewellery
 i - a +6 ring of strength (left hand)
 l - a ring of protection from cold
 p - the amulet of Daffodils (around neck) {Faith Str+2 Int-5 SInv}
   (You took it off an orc on level 4 of the Dungeon)

   [amulet of faith]

   It allows you to gain divine favour quickly.
   Str:       It affects your strength (+2).
   Int:       It affects your intelligence (-5).
   SInv:      It lets you see invisible.
 s - a +4 ring of protection (right hand)
 t - a ring of positive energy
 v - the amulet of Royalty {Reflect Fragile Str+5 Dex+6 SH+5}
   (You found it on level 5 of the Dungeon)

   [amulet of reflection]

   It reflects blocked missile attacks.
   Str:       It affects your strength (+5).
   Dex:       It affects your dexterity (+6).
   Fragile:   It will be destroyed if unequipped.
   SH:        It affects your SH (+5).
Scrolls
 e - a scroll of enchant armour {unknown}
 h - a scroll of teleportation
 j - a scroll of fog {unknown}
 q - 2 scrolls of identify
 r - a scroll of noise {unknown}
Potions
 f - a potion of flight
 g - a potion of curing
 m - a potion of ambrosia {unknown}
 n - a potion of degeneration {unknown}
 o - a potion of resistance {unknown}
 u - a potion of lignification {unknown}


   Skills:
 + Level 5.3 Fighting
 + Level 7.7 Axes
 + Level 4.4 Armour
 + Level 1.0 Dodging
 + Level 0.1 Stealth
 + Level 4.0 Shields
 * Level 2.0 Spellcasting


You had 9 spell levels left.
You knew the following spells:

 Your Spells              Type           Power      Damage    Failure   Level
a - Freeze                Ice            0%         1d3       80%         1

Your spell library contained the following spells:

 Spells                   Type           Power      Damage    Failure   Level
 Poisonous Vapours        Pois/Air       0%         N/A       90%         2
 Beastly Appendage        Tmut           0%         N/A       80%         1
 Blink                    Tloc           0%         N/A       90%         2
 Wereblood                Tmut           0%         N/A       90%         2
 Conjure Flame            Conj/Fire      0%         6-21      99%         3
 Ignite Poison            Fire/Tmut/Pois 0%         N/A       99%         3
 Inner Flame              Hex/Fire       0%         N/A       99%         3
 Spider Form              Tmut/Pois      0%         N/A       99%         3
 Flame Wave               Conj/Fire      0%         2d4       100%        4
 Sticky Flame             Conj/Fire      0%         2d3       100%        4
 Manifold Assault         Tloc           0%         N/A       100%        5
 Storm Form               Tmut/Air       0%         N/A       100%        7


Dungeon Overview and Level Annotations

Branches:
Dungeon (5/15)             Temple (0/1) D:4

Altars:
Qazlal
Vehumet
Yredelemnul
Zin


Message History

You block the iguana's attack. x2
You slash the iguana!
You kill the iguana!
Vehumet accepts your kill.
Your Shields skill increases to level 4!
There is an open door, spattered with blood here.
You see here an iguana corpse.
There is an open door here.
You open the door.
There is an open door here.
Found a pair of boots.
An ogre comes into view. It is wielding a +0 giant club.
The ogre shouts!
You see here a +0 pair of boots.
An ogre is nearby!
The ogre hits you with a +0 giant club!
You hit the ogre.
The ogre is lightly wounded.
You slash the ogre!
The ogre is moderately wounded.
The ogre hits you with a +0 giant club!!
You hit the ogre.
The ogre is heavily wounded.
The ogre hits you but does no damage.
You barely miss the ogre.
The ogre is heavily wounded.
The ogre hits you with a +0 giant club!
* * * LOW HITPOINT WARNING * * *
You completely miss the ogre.
The ogre is heavily wounded.
Unknown command.
You barely miss the ogre.
The ogre is heavily wounded.
The ogre misses you.
You feel very mighty all of a sudden. The ogre completely misses you.
You hit the ogre.
The ogre is heavily wounded.
The ogre hits you with a +0 giant club!!
You die...

####### ##########
#.....# #........#
#.....# #........#
#.....# #........#
#...O.# #........#
#...@.# #........'
#...[.# #........#
#.....######........#
#...................#
#...................#
.......................
.......................
........................
....##############......


You could see an ogre.

Vanquished Creatures
  An ogre (D:3)
  A gnoll sergeant (D:5)
  2 hounds
  Crazy Yiuf (D:4)
  3 orc priests
  2 iguanas (D:5)
  3 orc wizards
  A mummy (D:4)
  5 gnolls (D:5)
  9 adders
  2 worms (D:4)
  2 dart slugs (D:1)
  15 orcs
  7 endoplasms
  4 giant cockroaches
  8 goblins
  11 hobgoblins
  2 jackals (D:1)
  2 quokkas
  7 ball pythons
  4 bats
  6 frilled lizards
  5 kobolds
  13 rats
  A spectral orc (D:4)
117 creatures vanquished.

Vanquished Creatures (others)
  7 plants (D:4)
7 creatures vanquished.

Grand Total: 124 creatures vanquished

Notes
Turn   | Place    | Note
-------+----------+-------------------------------------------
     0 | D:1      | jmlagarto the Hill Orc Fighter began the quest for the Orb.
     0 | D:1      | Reached XP level 1. HP: 19/19 MP: 1/1
   113 | D:1      | Reached XP level 2. HP: 17/27 MP: 2/2
   233 | D:1      | You fall into a shaft and drop 1 floor!
   375 | D:2      | Reached skill level 3 in Axes
   541 | D:2      | Reached XP level 3. HP: 27/33 MP: 3/3
   918 | D:1      | Reached skill level 4 in Axes
  1306 | D:1      | Reached XP level 4. HP: 40/40 MP: 4/4
  1523 | D:2      | Found a faded altar of an unknown god.
  1540 | D:2      | Prayed at the altar of an unknown god.
  1540 | D:2      | Became a worshipper of Vehumet
  1540 | D:2      | Reached * piety under Vehumet
  1540 | D:2      | Offered knowledge of Freeze by Vehumet.
  1662 | D:2      | Learned a level 1 spell: Freeze
  2010 | D:2      | Reached skill level 5 in Axes
  2031 | D:3      | Noticed an ogre
  2034 | D:3      | Killed an ogre
  2035 | D:3      | Reached XP level 5. HP: 46/46 MP: 5/5
  2043 | D:3      | Reached skill level 6 in Axes
  2182 | D:3      | Reached XP level 6. HP: 46/53 MP: 5/7
  2323 | D:3      | Offered knowledge of Shock by Vehumet.
  2543 | D:3      | Reached ** piety under Vehumet
  2965 | D:4      | Found a staircase to the Ecumenical Temple.
  3014 | D:4      | Reached skill level 1 in Spellcasting
  3335 | D:4      | Found a basalt altar of Yredelemnul.
  3537 | D:4      | Found a stormy altar of Qazlal.
  3555 | D:4      | Identified the amulet of Daffodils {Faith Str+2 Int-5 SInv}
  3860 | D:4      | Got the Handbook of the Boar
  3941 | D:4      | Found a runed translucent door.
  3942 | D:4      | Noticed Crazy Yiuf
  3982 | D:4      | Killed Crazy Yiuf
  3983 | D:4      | Reached XP level 7. HP: 48/60 MP: 9/9
  4105 | D:5      | Entered Level 5 of the Dungeon
  4173 | D:5      | Reached skill level 7 in Axes
  4183 | D:5      | Reached skill level 5 in Fighting
  4183 | D:5      | Reached skill level 1 in Dodging
  4502 | D:5      | Found a glowing silver altar of Zin.
  4509 | D:5      | Offered knowledge of Poisonous Vapours by Vehumet.
  4594 | D:5      | Identified the amulet of Royalty {Reflect Fragile Str+5
                  | Dex+6 SH+5}
  4741 | D:5      | Demolished by an ogre

Illustrated notes

Levels and vault maps discovered:
D:1:      lightli_iron_boxes, layout_basic, serial_curves, eino_curves_03,
          eino_curves_04
D:2:      wad_crossroads, layout_basic, basic_ecumenical_altar,
          lemuel_old_faithful
D:3:      layout_basic, minivault_23, interstate_on_off,
          kennysheep_generic_room_14
D:4:      layout_basic, yredelemnul_forgotten_temple_becter,
          grunt_qazlal_sundering, minmay_temple_entry_crystal_x,
          gup_ossuary_entry_pyramid, nicolae_zen_rock_garden,
          uniq_crazy_yiuf_cottage
D:5:      minmay_spotlight, layout_gridville, zin_academy

Skill      XL: |  1  2  3  4  5  6  7 |
---------------+----------------------+-----
Axes           | 3 4 5 6 7 |  7.7
Fighting       | 4 5 |  5.3
Armour         | 4 |  4.4
Spellcasting   | 1 2 |  2.0
Dodging        | 1 |  1.0
Shields        | 4 |  4.0
Stealth        | |  0.1

Action                   |  1- 3 |  4- 6 |  7- 9 || total
-------------------------+-------+-------+-------++-------
Melee: War axe           |   116 |   167 |    46 ||   329
  Use: Potion            |       |     2 |     2 ||     4
       Scroll            |       |     5 |       ||     5
Armor: Scale mail        |    57 |    80 |    23 ||   160
Dodge: Dodged            |    50 |    77 |    29 ||   156
Block: Buckler           |    40 |    29 |    13 ||    82

Table legend: (Time is in decaauts)
 A = Elapsed time spent in this place.
 B = Non-inter-level travel time spent in this place.
 C = Inter-level travel time spent in this place.
 D = Time resting spent in this place.
 E = Time spent auto-exploring this place.
 F = Levels seen in this place.
 G = Mean time per level.
                   A        B        C        D        E       F      G
               +--------+--------+--------+--------+--------+-----+--------+
         Total |   4831 |   4730 |    101 |      0 |   3840 |   5 |  966.2 |
       Dungeon |   4831 |   4730 |    101 |      0 |   3840 |   5 |  966.2 |
               +--------+--------+--------+--------+--------+-----+--------+

Top non-repeatable levels by time:
     D:4: 1155 daAuts
     D:1: 1053 daAuts
     D:2: 1032 daAuts
     D:3: 946 daAuts
     D:5: 642 daAuts
